 Dungeon Crawl Stone Soup version 0.28.0-49-g6dfe1f597d (webtiles) character file.

Game seed: 10121968249980608799

414 Zeld the Shield-Bearer (level 7, -4/56 HPs)
             Began as a Formicid Fighter on May 18, 2022.
             Slain by a kobold brigand
             ... wielding a +0 club
              (6 damage)
             ... in a sewer.
             The game lasted 00:03:48 (4900 turns).

Zeld the Shield-Bearer (Formicid Fighter)           Turns: 4900, Time: 00:03:49

Health: -4/56      AC:  7    Str: 22    XL:     7   Next: 14%
Magic:  7/7        EV:  7    Int:  8    God:
Gold:   18         SH: 12    Dex: 10    Spells: 6/6 levels left

rFire   . . .      SeeInvis +   a - +0 war axe
rCold   . . .      Faith    .   p - +0 tower shield
rNeg    . . .      Spirit   .   b - +0 scale mail
rPois   +          Reflect  .   (helmet unavailable)
rElec   .          Harm     .   (no cloak)
rCorr   .          Rampage  .   (no gloves)
Will    .....                   (no boots)
Stlth   +.........              (no amulet)
HPRegen 0.18/turn               i - ring of poison resistance
MPRegen 0.10/turn               (no ring)

@: no status effects
A: permanent stasis, dig shafts and tunnels, antennae 3, four strong arms
a: Dig


You were in a sewer.
You visited 1 branch of the dungeon, and saw 7 of its levels.
You also visited: Sewer.

You collected 165 gold pieces.
You spent 147 gold pieces at shops.

Inventory:

Hand Weapons
 a - a +0 war axe (weapon)
Armour
 b - a +0 scale mail (worn)
 p - a +0 tower shield (worn)
Jewellery
 i - a ring of poison resistance (left hand)
Wands
 k - a wand of flame (19)
Scrolls
 c - 2 scrolls of enchant weapon {unknown}
 e - a scroll of fog {unknown}
 f - 2 scrolls of amnesia {unknown}
 g - 4 scrolls of identify {unknown}
 h - a scroll of immolation {unknown}
 j - a scroll of acquirement {unknown}
 m - 2 scrolls of noise {unknown}
 n - a scroll of blinking {unknown}
Potions
 d - a potion of might
 l - 2 potions of heal wounds {unknown}


   Skills:
 * Level 5.0 Fighting
 * Level 3.9 Axes
 + Level 4.1 Armour
 + Level 2.7 Stealth
 * Level 5.5 Shields


You had 6 spell levels left.
You didn't know any spells.
Your spell library was empty.

Dungeon Overview and Level Annotations

Branches:
Dungeon (8/15)              Sewer (1/1)
 Temple: D:4-7         Lair: D:8-11

Altars:
Vehumet
Xom

Shops:
D:8 [

Annotations:
D:4 Blork the orc


Innate Abilities, Weirdness & Mutations

You cannot be hasted, slowed, berserked, paralysed or teleported.
You can dig through walls and to a lower floor.
You have a pair of large antennae on your head. (SInv)
Your four strong arms can wield two-handed weapons with a shield.


Message History

The kobold brigand hits you with a +0 club.
You are too injured to fight recklessly!
Unknown command.
You are too injured to fight recklessly!
Unknown command.
You are too injured to fight recklessly!
Unknown command.
You are too injured to fight recklessly!
Unknown command.
You are too injured to fight recklessly!
You hit the kobold brigand.
The kobold brigand is moderately wounded.
You slash the kobold!
You kill the kobold!
You slash the kobold brigand!
You feel sick.
The kobold brigand hits you with a +0 dagger.
The kobold brigand hits you with a +0 club.
* * * LOW HITPOINT WARNING * * *
You barely miss the kobold brigand.
The kobold brigand is moderately wounded.
You miss the kobold brigand.
You feel sick.
You are no longer poisoned.
You block the kobold brigand's attack. x2
The kobold brigand hits you with a +0 dagger.
* * * LOW HITPOINT WARNING * * *
The kobold brigand hits you with a +0 club.
* * * LOW HITPOINT WARNING * * *
Unknown command.
You barely miss the kobold brigand.
The kobold brigand is moderately wounded.
You hit the kobold brigand.
You block the kobold brigand's attack. x2
Unknown command.
Unknown command.
You slash the kobold brigand!
The kobold brigand is severely wounded.
You closely miss the kobold brigand.
The kobold brigand hits you with a +0 dagger.
* * * LOW HITPOINT WARNING * * *
The kobold brigand hits you with a +0 club.
You die...

≈≈≈≈ ≈≈≈≈
≈≈≈ ≈≈≈ ###
### #!.#..#
..... ≈≈
##...## ≈≈≈
#.KK).#
≈≈≈≈#..@..#
≈≈≈≈###'###
≈≈≈≈≈≈≈..##
≈≈≈≈≈≈≈...#
≈≈≈≈≈≈....#
≈≈≈≈≈≈....##
≈≈≈≈≈≈≈....#
≈≈≈≈≈≈.....#
≈≈≈≈≈≈.....#


You could see 2 kobold brigands.

Vanquished Creatures
  A centaur (D:7)
  A bullfrog (D:7)
  A bullfrog zombie (D:7)
  A crimson imp (D:4)
  Jessica (D:3)
  Robin (D:3)
  3 adders
  2 river rats
  A white imp (D:4)
  2 ufetubi (D:4)
  4 worms
  A dart slug (D:1)
  12 orcs
  6 ball pythons
  3 bats
  5 endoplasms
  3 giant cockroaches
  9 goblins
  2 hobgoblins
  3 jackals (D:2)
  5 kobolds
  3 quokkas (D:1)
  2 frilled lizards (D:1)
  11 rats
83 creatures vanquished.

Notes
Turn   | Place    | Note
-------+----------+-------------------------------------------
     0 | D:1      | Zeld the Formicid Fighter began the quest for the Orb.
     0 | D:1      | Reached XP level 1. HP: 18/18 MP: 1/1
   173 | D:1      | Reached XP level 2. HP: 24/24 MP: 2/2
   855 | D:2      | Reached XP level 3. HP: 29/29 MP: 3/3
  1303 | D:2      | Found a faded altar of an unknown god.
  1341 | D:2      | Reached skill level 1 in Stealth
  1597 | D:3      | Noticed Robin
  1901 | D:3      | Reached XP level 4. HP: 28/37 MP: 4/4
  1904 | D:3      | Killed Robin
  2146 | D:3      | Noticed Jessica
  2151 | D:3      | Killed Jessica
  2375 | D:3      | Reached XP level 5. HP: 42/42 MP: 5/5
  2628 | D:3      | Found a shimmering altar of Xom.
  2628 | D:3      | Found a radiant altar of Vehumet.
  3640 | D:4      | Reached XP level 6. HP: 49/49 MP: 6/6
  3703 | D:4      | Noticed Blork the orc
  3713 | D:4      | You fall into a shaft and drop 3 floors!
  4067 | D:7      | Reached skill level 5 in Shields
  4260 | D:7      | Noticed an ogre
  4327 | D:8      | Found Wan Joja's Antique Armour Boutique.
  4332 | D:8      | Bought a jewelled leather armour for 147 gold pieces
  4332 | D:8      | Identified the +3 leather armour of Untold Secrets {Harm
                  | Int+4} (You bought it in a shop on level 8 of the Dungeon)
  4424 | D:7      | Reached XP level 7. HP: 51/55 MP: 7/7
  4498 | D:6      | Reached skill level 5 in Fighting
  4502 | D:6      | Found a glowing drain.
  4509 | Sewer    | Entered a sewer
  4900 | Sewer    | HP: 2/56 [kobold brigand/+0 dagger (3)]
  4900 | Sewer    | Slain by a kobold brigand

Illustrated notes

Levels and vault maps discovered:
D:1:      amcnicky_arrival_gap_in_the_tavern_cellar, layout_loops_ring,
          corexii_corridor_pit
D:2:      layout_loops_cross, hellmonk_ecumenical_altar_arch_garden
D:3:      layout_loops_corners, gammafunk_temple_overflow_wave, uniq_jessica,
          uniq_robin
D:4:      nicolae_cairo_tiling_very_big, layout_loops_ring,
          mainiacjoe_overflow_surrounded_room, kennysheep_diamond,
          minmay_fire_ice_demons, uniq_blork_the_orc
D:6:      layout_cave_pools, makhleb_heckhound_becter, portal_sewer_entry_b
D:7:      layout_basic, mainiacjoe_overflow_alcove_2, serial_shops,
          nicolae_shop_advertising_works [nicolae_subvault_shop_adworks],
          uniq_pikel
D:8:      cheibrodos_wizards_tower, layout_basic,
          nicolae_kikubaaqudgha_miasma_corner, kennysheep_little_box,
          nicolae_stop_n_shop_1
Sewer:    sewer_minmay_treatment

Skill      XL: |  1  2  3  4  5  6  7 |
---------------+----------------------+-----
Shields        | 4 5 |  5.5
Stealth        | 1 2 |  2.7
Fighting       | 4 5 |  5.0
Axes           | 3 |  3.9
Armour         | 4 |  4.1

Action                   |  1- 3 |  4- 6 |  7- 9 || total
-------------------------+-------+-------+-------++-------
Melee: War axe           |    92 |   112 |    25 ||   229
 Abil: Shaft Self        |       |     1 |       ||     1
Armor: Scale mail        |    46 |    60 |    20 ||   126
Dodge: Dodged            |    40 |    68 |    14 ||   122
Block: Buckler           |    15 |    32 |       ||    47
       Tower shield      |       |     4 |    33 ||    37
